 Dungeon Crawl Stone Soup version 0.29.1-15-g9cfb28693d (webtiles) character file.

Game seed: 7748337137950961616

254 bmack86 the Chopper (level 5, 0/45 HPs)
             Began as a Minotaur Fighter on Apr 1, 2024.
             Slain by an iguana (2 damage)
             ... on level 5 of the Dungeon.
             The game lasted 00:05:17 (4110 turns).

bmack86 the Chopper (Minotaur Fighter)              Turns: 4110, Time: 00:05:18

Health: 0/45       AC:  2    Str: 23    XL:     5   Next: 90%
Magic:  4/4        EV:  9    Int: 11    God:
Gold:   194        SH:  4    Dex:  9    Spells: 4/4 levels left

rFire   . . .      SeeInvis .   a - +0 war axe
rCold   . . .      Faith    .   c - +0 buckler
rNeg    . . .      Spirit   .   b - +0 scale mail
rPois   .          Reflect  .   (helmet restricted)
rElec   .          Harm     .   (no cloak)
rCorr   .          Rampage  .   (no gloves)
Will    .....                   (no boots)
Stlth   ..........              (no amulet)
HPRegen 0.15/turn               u - +6 ring of intelligence
MPRegen 0.09/turn               (no ring)

@: corroded
A: horns 2, retaliatory headbutt
a: no special abilities


You were on level 5 of the Dungeon.
You visited 1 branch of the dungeon, and saw 5 of its levels.

You collected 194 gold pieces.

Inventory:

Hand Weapons
 a - a +0 war axe (weapon)
Armour
 b - a +0 scale mail (worn)
 c - a +0 buckler (worn)
Jewellery
 s - a ring of fire
 u - a +6 ring of intelligence (left hand)
Wands
 m - a wand of acid (9)
 t - a wand of charming (10)
 w - a wand of roots (8) (quivered)
Scrolls
 e - 3 scrolls of torment {unknown}
 j - a scroll of magic mapping {unknown}
 k - 3 scrolls of amnesia {unknown}
 l - a scroll of blinking {unknown}
 n - 2 scrolls of teleportation {unknown}
 o - a scroll of fog {unknown}
 q - 2 scrolls of fear {unknown}
 r - a scroll of acquirement {unknown}
 v - a scroll of immolation {unknown}
Potions
 d - a potion of might
 f - 2 potions of lignification
 g - a potion of heal wounds
 h - 3 potions of brilliance
 i - 2 potions of magic
 p - a potion of berserk rage {unknown}


   Skills:
 - Level 3.6 Fighting
 + Level 6.7 Axes
 - Level 3.6 Armour
 - Level 5.0 Shields


You had 4 spell levels left.
You didn't know any spells.
Your spell library contained the following spells:

 Spells                   Type           Power      Damage    Failure   Level
 Blink                    Tloc           0%         N/A       86%         2
 Sublimation of Blood     Necr           0%         N/A       86%         2
 Lesser Beckoning         Tloc           0%         N/A       98%         3
 Petrify                  Tmut/Erth      0%         N/A       100%        4
 Fireball                 Conj/Fire      0%         3d3       100%        5
 Irradiate                Conj/Tmut      0%         3d11      100%        5
 Iskenderun's Battlesphe  Conj           0%         2d6       100%        5
 Manifold Assault         Tloc           0%         N/A       100%        5
 Conjure Ball Lightning   Conj/Air       0%         3x3d6     100%        6
 Orb of Destruction       Conj           0%         9d5       100%        7


Dungeon Overview and Level Annotations

Branches:
Dungeon (5/15)
 Temple: D:4-7

Altars:
Uskayaw

Shops:
D:2 (


Innate Abilities, Weirdness & Mutations

You have a pair of horns on your head.
You reflexively headbutt those who attack you in melee.


Message History

An adder comes into view.
The adder hisses angrily.
Found a glass wand.
The adder bites you. The adder bites you but does no damage.
You closely miss the adder. Your headbutt misses the adder.
The adder bites you but does no damage.
You hit the adder but do no damage. You block the adder's attack.
The adder bites you but does no damage.
You miss the adder. The adder bites you.
You slash the adder! You headbutt the adder.
You kill the adder!
Found 19 gold pieces.
m - a wand of acid (9)
You now have 194 gold pieces (gained 19).
HP restored.
Found a stone staircase leading up.
A quokka comes into view.
The roots erupt in riotous growth!
Roots grab the quokka.
The grasping roots constrict the quokka.
The quokka struggles to escape constriction.
The grasping roots constrict the quokka.
You kill the quokka!
A jelly comes into view.
You see here a scroll labelled HIKOLI XUIR.
An iguana comes into view.
The jelly hits you.
You are splashed with acid!
You block the jelly's attack.
An orc comes into view. It is wielding a +0 hand axe.
The orc shouts!
The jelly hits you. The acid corrodes you!
You are splashed with acid!
You block the iguana's attack. The jelly hits you.
You are splashed with acid!
You hit the iguana but do no damage. Your headbutt misses the iguana.
You slash the jelly!
Your hands burn!
The iguana bites you!
* * * LOW HITPOINT WARNING * * *
The jelly hits you but does no damage.
You slash the jelly!
You kill the jelly!
You barely miss the iguana. The iguana bites you.
You die...

#. ##.........###.
#.######.#...#####
#. #...........##
#. #...........#
#.....?.....#
#...........##
##...........<.
###...............
#.....l@....o.)###.
..###.###.....##
... ..##### ....
.## ##.. # ###


You could see an iguana and an orc.

Vanquished Creatures
  A necrophage (D:4)
  A jelly (D:5)
  Robin (D:3)
  3 gnolls
  6 adders
  4 worms
  A dart slug (D:3)
  5 orcs
  6 endoplasms
  A giant cockroach (D:1)
  16 goblins
  7 hobgoblins
  8 jackals
  4 kobolds
  2 quokkas
  8 ball pythons
  4 bats
  3 frilled lizards
  4 rats
85 creatures vanquished.

Notes
Turn   | Place    | Note
-------+----------+-------------------------------------------
     0 | D:1      | bmack86 the Minotaur Fighter began the quest for the Orb.
     0 | D:1      | Reached XP level 1. HP: 19/19 MP: 0/0
   137 | D:1      | Reached XP level 2. HP: 18/26 MP: 1/1
   460 | D:1      | Reached skill level 3 in Axes
   707 | D:1      | Reached XP level 3. HP: 23/31 MP: 2/2
  1114 | D:2      | Found a hide-covered altar of Uskayaw.
  1625 | D:2      | Found Osuujesa's Weapon Emporium.
  1683 | D:2      | Found a faded altar of an unknown god.
  1820 | D:3      | Reached skill level 5 in Shields
  2003 | D:3      | Noticed Robin
  2005 | D:3      | Reached skill level 4 in Axes
  2007 | D:3      | Reached XP level 4. HP: 36/39 MP: 3/3
  2020 | D:3      | Killed Robin
  2895 | D:4      | Reached skill level 5 in Axes
  3028 | D:4      | Reached XP level 5. HP: 37/45 MP: 4/4
  3430 | D:4      | Reached skill level 6 in Axes
  4034 | D:5      | Entered Level 5 of the Dungeon
  4109 | D:5      | HP: 2/45 [iguana (12)]
  4110 | D:5      | Slain by an iguana

Illustrated notes

Levels and vault maps discovered:
D:1:      minmay_arrival_split_and_join, layout_rooms, minmay_misc_feat_tiny
D:2:      layout_basic, serial_shops, nicolae_shop_bloodbath_and_beyond,
          basic_altar, hellmonk_ecumenical_altar_leap_of_faith,
          minmay_tromino_i4
D:3:      layout_basic, nicolae_overflow_hidden_temple, uniq_robin
D:4:      layout_layer_cave, nicolae_kite_square_tiling_tiny
D:5:      layout_rooms, palyth_temple_overflow_mages

Skill      XL: |  1  2  3  4  5 |
---------------+----------------+-----
Shields        | 4 5 |  5.0
Axes           | 3 4 5 6 |  6.7
Fighting       | |  3.6
Armour         | |  3.6

Action                   |  1- 3 |  4- 6 || total
-------------------------+-------+-------++-------
Melee: War axe           |    82 |    71 ||   153
       Headbutt          |     7 |     7 ||    14
Evoke: Wand              |     1 |     1 ||     2
  Use: Scroll            |       |     4 ||     4
Armor: Scale mail        |    46 |    41 ||    87
Dodge: Dodged            |    54 |    33 ||    87
Block: Buckler           |    30 |    23 ||    53
